 Dungeon Crawl Stone Soup version 0.22-a0-398-g8bb545f (webtiles) character file.

623 razalude the Poker (level 7, -8/52 HPs)
             Began as a Merfolk Skald on May 5, 2018.
             Killed by triggering a spear trap (20 damage)
             ... in an ossuary.
             The game lasted 00:36:21 (3130 turns).

razalude the Poker (Merfolk Skald)                  Turns: 3130, Time: 00:36:22

Health: -8/52      AC:  8    Str: 12    XL:     7   Next: 47%
Magic:  11/12      EV: 12    Int: 14    God:
Gold:   154        SH:  0    Dex: 13    Spells: 4/12 levels left

rFire    + . .     SeeInvis .   n - +0 scythe
rCold    x . .     Gourm    .   (shield currently unavailable)
rNeg     + . .     Faith    .   m - +2 ring mail {rN+}
rPois    .         Spirit   .   (no helmet)
rElec    .         Reflect  .   (no cloak)
rCorr    .         Harm     .   o - +0 pair of gloves
MR       .....                  (no boots)
Stlth    +.........             (no amulet)
HPRegen  0.17/turn              e - ring of fire
MPRegen  0.13/turn              (no ring)

@: singing
A: change form in water, swift swim, stealthy swim
a: no special abilities


You were in an ossuary.
You were very hungry.

You visited 1 branch of the dungeon, and saw 4 of its levels.
You also visited: Ossuary.

You collected 154 gold pieces.

Inventory:

Hand Weapons
 a - a +0 spear
 n - a +0 scythe (weapon)
Armour
 b - a +0 leather armour
 f - a +0 scale mail
 m - a +2 ring mail of positive energy (worn)
 o - a +0 pair of gloves (worn)
Jewellery
 e - a ring of fire (left hand)
Scrolls
 g - 3 scrolls of remove curse
 h - 5 scrolls of identify
 k - a scroll of fog {unknown}
 l - 2 scrolls of magic mapping
 q - a scroll of fear {unknown}
 r - a scroll of blinking {unknown}
Potions
 c - a potion of flight
 i - 2 potions of might
 j - a potion of resistance
 p - a potion of curing
 s - a potion of berserk rage
 t - a potion of mutation {unknown}
Comestibles
 d - 5 rations


   Skills:
 + Level 3.3 Fighting
 + Level 6.5 Polearms
 + Level 2.7 Armour
 + Level 4.2 Dodging
 + Level 0.1 Stealth
 + Level 3.3 Spellcasting
 + Level 4.6 Charms


You had 4 spell levels left.
You knew the following spells:

 Your Spells              Type           Power        Failure   Level  Hunger
a - Infusion              Chrm           ###.         7%          1    #......
b - Song of Slaying       Chrm           ###.....     11%         2    ##.....
c - Spectral Weapon       Hex/Chrm       #.......     47%         3    ###....
d - Shroud of Golubria    Chrm/Tloc      #.........   26%         2    ##.....


Dungeon Overview and Level Annotations

Branches:
Dungeon (4/15)
 Temple: D:4-7

Altars:
Cheibriados
Dithmenos
Elyvilon
Fedhas
Hepliaklqana
Yredelemnul
Zin
The Shining One

Annotations:
D:4 Maimakterion's ghost, novice DEVM


Message History

The centaur zombie misses you.
You hit the centaur zombie.
The centaur zombie is lightly damaged.
The centaur zombie hits you.
* * * LOW HITPOINT WARNING * * *
The centaur zombie hits you.
* * * LOW HITPOINT WARNING * * *
You slash the centaur zombie!
The centaur zombie is moderately damaged.
The centaur zombie hits you.
* * * LOW HITPOINT WARNING * * *
The centaur zombie closely misses you. The centaur zombie misses you.
There is an open door here.
You feel better. The centaur zombie hits you.
* * * LOW HITPOINT WARNING * * *
The centaur zombie completely misses you.
There is an open door here.
A spear shoots out and hits you!
You die...

#########################
#...#?!?#.@.#.....#.....#
#...'...#.^.'.....#.....#
...#!s!#Z^^#.....8.....#
##'#######s##...........#
#...#...#...#...........#
#..Z8...#...###8.....8###
#....Z..#.M.#...........#
##8...8###'##...........#
#.......#...#.....8.....#


You could see a mummy, 2 scorpions and a centaur zombie.

Vanquished Creatures
  Sigmund (D:3)
  3 scorpions (Ossuary)
  A hound (D:4)
  2 human zombies (Ossuary)
  An orc priest (D:3)
  Terence (D:2)
  A big kobold zombie (Ossuary)
  2 mummies (Ossuary)
  4 scorpion zombies (Ossuary)
  3 adders
  2 worms (D:2)
  A dart slug (D:2)
  3 leopard geckos
  7 orcs
  5 giant cockroaches
  3 goblins
  7 hobgoblins
  7 kobolds
  2 quokkas
  8 bats
  3 frilled lizards
  A goblin zombie (Ossuary)
  3 hobgoblin zombies (Ossuary)
  A kobold zombie (Ossuary)
  An orc zombie (Ossuary)
  A quokka skeleton (D:4)
  5 rats
79 creatures vanquished.

Notes
Turn   | Place    | Note
-------+----------+-------------------------------------------
     0 | D:1      | razalude the Merfolk Skald began the quest for the Orb.
     0 | D:1      | Reached XP level 1. HP: 16/16 MP: 3/3
    99 | D:1      | Reached XP level 2. HP: 8/22 MP: 0/5
  1022 | D:2      | Reached skill level 1 in Armour
  1022 | D:2      | Reached XP level 3. HP: 20/28 MP: 1/6
  1570 | D:2      | Reached XP level 4. HP: 34/34 MP: 2/7
  1606 | D:2      | Found a shadowy altar of Dithmenos.
  1663 | D:2      | Noticed Terence
  1684 | D:2      | Killed Terence
  1704 | D:2      | Found a glowing silver altar of Zin.
  1704 | D:2      | Found a glowing golden altar of the Shining One.
  1705 | D:2      | Found a white marble altar of Elyvilon.
  1885 | D:2      | Found a snail-covered altar of Cheibriados.
  1885 | D:2      | Found a hazy altar of Hepliaklqana.
  2046 | D:3      | Noticed Sigmund
  2057 | D:3      | Killed Sigmund
  2057 | D:3      | Reached skill level 4 in Polearms
  2057 | D:3      | Reached XP level 5. HP: 20/40 MP: 0/9
  2057 | D:3      | Reached XP level 6. HP: 23/46 MP: 0/10
  2333 | D:3      | Reached skill level 5 in Polearms
  2385 | D:3      | Learned a level 2 spell: Song of Slaying
  2389 | D:3      | Learned a level 3 spell: Spectral Weapon
  2392 | D:3      | Learned a level 2 spell: Shroud of Golubria
  2466 | D:3      | You fall through a shaft!
  2596 | D:4      | Found a blossoming altar of Fedhas.
  2675 | D:4      | Found a basalt altar of Yredelemnul.
  2691 | D:4      | Noticed Maimakterion's ghost (novice DEVM)
  2794 | D:4      | Found a sand-covered staircase.
  2801 | Ossuary  | Entered an ossuary
  2865 | Ossuary  | Reached XP level 7. HP: 28/52 MP: 3/11
  3056 | Ossuary  | Reached skill level 6 in Polearms
  3130 | Ossuary  | Killed by triggering a spear trap

Vault maps used:
D:1:      minmay_arrival_stair_chambers, serial_forest,
          infiniplex_forest_straight_4, infiniplex_forest_straight_3,
          infiniplex_forest_corner_1, infiniplex_forest_lined_2,
          infiniplex_forest_straight_2, infiniplex_forest_zigzag_1,
          infiniplex_forest_lined_room_3
D:2:      good_gods_mini_temple, nicolae_dithmenos_through_a_glass_darkly,
          gammafunk_temple_overflow_wave, minmay_heptomino_o4, uniq_terence
D:3:      lemuel_zombie_altar_kikubaaqudgha, minmay_misc_feat_chi,
          minmay_misc_feat_more_columns, uniq_sigmund, uniq_robin
D:4:      old_standard_altar, nicolae_overflow_crystal_walls,
          nicolae_overflow_hidden_temple, enter_ossuary_4, first_ration,
          serial_curves, eino_curves_03, eino_curves_04, eino_curves_01
Ossuary:  ossuary_minmay_scorpions

Skill      XL: |  1  2  3  4  5  6  7 |
---------------+----------------------+-----
Armour         | 1 2 |  2.7
Charms         | 4 |  4.6
Polearms       | 4 5 6 |  6.5
Dodging        | 3 4 |  4.2
Spellcasting   | 3 |  3.3
Fighting       | 3 |  3.3
Stealth        | |  0.1

Action                   |  1- 3 |  4- 6 |  7- 9 || total
-------------------------+-------+-------+-------++-------
Melee: Spear             |   133 |    43 |       ||   176
       Scythe            |       |    90 |    57 ||   147
 Cast: Infusion          |    18 |    16 |     3 ||    37
       Song of Slaying   |       |       |     2 ||     2
  Use: Scroll            |     1 |     5 |       ||     6
       Potion            |       |       |     3 ||     3
  Eat: Chunk             |     3 |     4 |       ||     7
Armor: Leather armour    |     3 |       |       ||     3
       Scale mail        |    56 |     1 |       ||    57
       Ring mail         |       |    71 |    38 ||   109
Dodge: Dodged            |    69 |   121 |    62 ||   252

Table legend:
 A = Spawn XP
 B = Non-spawn XP
 C = Spawn XP percentage of total XP
 D = Spawn monster count
 E = Non-spawn monster count
 F = Spawn count percentage of total count
 G = Total turns spent on level
                    A         B        C        D         E        F      G
               +---------+---------+-------+---------+---------+-------+---------
         Total |       0 |     891 |   0.0 |       0 |      79 |   0.0 |  3130
               +---------+---------+-------+---------+---------+-------+---------
           D:1 |       0 |      25 |   0.0 |       0 |      17 |   0.0 |  1008
           D:2 |       0 |     107 |   0.0 |       0 |      23 |   0.0 |  1038
           D:3 |       0 |     295 |   0.0 |       0 |      17 |   0.0 |   420
           D:4 |       0 |      49 |   0.0 |       0 |       4 |   0.0 |   335
       Ossuary |       0 |     415 |   0.0 |       0 |      18 |   0.0 |   329
               +---------+---------+-------+---------+---------+-------+---------
